[Event "42nd WALTON Women-ch Bangladesh 2024"]
[Site "Dhaka"]
[Date "2024.05.29"]
[Round "10.3"]
[White "Jannatul, Ferdous"]
[Black "Noshin, Anjum"]
[Result "0-1"]
[ECO "D02"]
[WhiteElo "1990"]
[BlackElo "2025"]
[Annotator "NA RC"]
[PlyCount "110"]
[EventDate "2024.05.20"]
[EventType "tourn"]
[EventCountry "BAN"]
[SourceTitle "playchess.com"]
[Source "ChessBase"]
[SourceQuality "1"]
[TimeControl "40/5400+30:1800+30"]

1. d4 d5 2. Bf4 Nf6 3. e3 e6 4. Nf3 c5 5. c3 Bd6 6. Bg3 {[%emt 0:00:17] D02: 1 d4 d5 2 Nf3 sidelines, including 2...Nf6 3 g3 and 2...Nf6 3 Bf4.} Qc7 7. Ne5 Nbd7 8. f4 O-O 9. Bd3 c4 10. Bc2 b5 11. Nd2 a5 12. Bh4 Bb7 13. a3 (13. a4 $11 {should be considered.}) 13... Ne4 $1 14. Bxe4 dxe4 15. Nxd7 Qxd7 16. O-O Bd5 17. g4 f6 18. Qc2 ({White should try} 18. a4) 18... e5 19. f5 exd4 20. cxd4 Qc6 21. Rac1 Rac8 22. Nb1 b4 23. axb4 axb4 24. Nd2 (24. Qg2 {is a better defense.}) 24... c3 25. Nb1 Bc4 26. Rfd1 $19 Bd3 27. Qb3+ {[%emt 0:04:08] [#]} Qc4 $1 28. Qxc4+ Rxc4 29. bxc3 Rfc8 30. Be1 Bxb1 $2 (30... Be2 $19 {and Black stays clearly on top.} 31. Rd2 Bxg4) 31. Rxb1 bxc3 32. Ra1 (32. Rdc1 $15) 32... c2 33. Rdc1 Bb4 ({Better is} 33... h5 $17 34. gxh5 Kh7) 34. Bxb4 Rxb4 35. Kf2 Rc3 36. Ra2 Rbc4 37. h4 h6 38. Ra8+ Kf7 39. Ra7+ Kf8 40. Ra8+ Ke7 41. Ra7+ Kd6 42. Rxg7 Rd3 43. Ke2 Rcc3 44. Rf7 Rxe3+ $19 45. Kd2 Red3+ 46. Ke1 Rh3 47. Kd2 Rhd3+ 48. Ke1 Rxd4 49. Rxf6+ Ke5 50. Ra6 Kf4 51. Ra2 Re3+ 52. Kf2 Rd2+ 53. Kf1 Rd1+ 54. Kf2 Rxc1 55. f6 Rf1+ 0-1

[Event "42nd WALTON Women-ch Bangladesh 2024"]
[Site "Dhaka"]
[Date "2024.05.29"]
[Round "10.4"]
[White "Warsia, Khusbu"]
[Black "Sultana, Sharmin Shirin"]
[Result "1/2-1/2"]
[ECO "B41"]
[WhiteElo "1905"]
[BlackElo "1927"]
[Annotator "NA RC"]
[PlyCount "111"]
[EventDate "2024.05.20"]
[EventType "tourn"]
[EventCountry "BAN"]
[SourceTitle "playchess.com"]
[Source "ChessBase"]
[SourceQuality "1"]
[TimeControl "40/5400+30:1800+30"]

1. e4 c5 2. Nf3 e6 3. d4 cxd4 4. Nxd4 a6 5. c4 Nf6 6. Nc3 Qc7 7. Be2 b6 8. O-O Bb7 9. Qd3 (9. f3 $14 {was preferrable.}) 9... Bb4 (9... Nc6 $11) 10. f3 {[%emt 0:09:10] B41: Sicilian: Kan Variation: 5 c4.} O-O 11. a3 Be7 12. f4 d6 13. b4 Nbd7 14. Bb2 Rfe8 15. Nc2 Rad8 16. Qg3 Bf8 17. Bd3 g6 18. Rae1 Bg7 19. Ba1 Nb8 (19... b5 $15 20. cxb5 Nh5) 20. Qh4 Qe7 21. f5 (21. Nb1 $14) 21... Nfd7 22. Qf4 Be5 23. Qf2 Rf8 24. Na4 Qg5 (24... Bxa1 $14 25. Nxa1 Ne5) 25. Bd4 exf5 (25... gxf5 $11 26. exf5 (26. Nxb6 Nf6 $15) 26... Nf6) 26. Be3 (26. Nxb6 Qh6 27. h3 (27. exf5 $2 Qxh2#) 27... Bxd4 28. Qxd4 Nc6 $15) (26. exf5 $14 Bxd4 27. Nxd4) 26... f4 ({Better is} 26... Qh5 $17 27. Bf4 fxe4 28. Bxe4 Bxe4 29. Rxe4 b5 30. cxb5 axb5 31. Bxe5 Nxe5) 27. Bxb6 (27. Bxf4 $14 Qxf4 28. Qxf4 Bxf4 29. Rxf4) 27... Nxb6 28. Nxb6 Nc6 29. Nd5 Qh5 (29... Bg7 $11 {remains equal.}) 30. b5 axb5 31. cxb5 Na5 32. Nxf4 Qh6 33. g3 Nb3 (33... Rc8 $11) 34. Bc4 Nc5 35. Bd5 Rc8 36. Nb4 Qg7 37. Rd1 Nxe4 38. Qe3 Nc5 39. Bxb7 Nxb7 40. Nfd5 Rc4 41. Nc6 Bb2 (41... Nc5 $142 42. Nde7+ Kh8) 42. Qb3 Rc5 43. Rf2 $18 Bc1 44. Nf6+ Kh8 45. Ne4 f5 46. Nxc5 Nxc5 47. Qf3 Bh6 48. Re1 Qb7 49. Qc3+ Bg7 50. Qc4 Ne4 51. Rxe4 fxe4 52. Rxf8+ Bxf8 53. Qd4+ Kg8 54. a4 Qf7 55. Nb4 Qf3 56. Nc2 1/2-1/2

[Event "42nd WALTON Women-ch Bangladesh 2024"]
[Site "Dhaka"]
[Date "2024.05.29"]
[Round "10.5"]
[White "Tabassum Sadia, Shahjahan"]
[Black "Kazi Zarin, Tasnim"]
[Result "0-1"]
[ECO "A85"]
[WhiteElo "1567"]
[BlackElo "1854"]
[Annotator "NA RC"]
[PlyCount "112"]
[EventDate "2024.05.20"]
[EventType "tourn"]
[EventCountry "BAN"]
[SourceTitle "playchess.com"]
[Source "ChessBase"]
[SourceQuality "1"]
[TimeControl "40/5400+30:1800+30"]

1. d4 e6 2. c4 f5 3. Nc3 Nf6 4. d5 e5 5. e4 fxe4 6. Bg5 {[%emt 0:07:29] A85: Dutch Defence: 2 c4 Nf6 3 Nc3.} Bb4 7. Nge2 d6 8. Qa4+ Qd7 9. Qxb4 Qg4 10. Bxf6 gxf6 11. O-O-O f5 12. c5 Na6 13. Qb5+ Ke7 14. cxd6+ cxd6 15. Kb1 Bd7 16. Qb3 Rhc8 17. h3 Qg5 18. Qc2 f4 19. Nc1 (19. Qxe4 Bf5 20. g4 Bxe4+ $17) 19... Nc5 20. Qd2 Qg6 21. Ka1 Bf5 22. Rg1 Bxh3 23. g3 Bf5 24. Bb5 f3 25. Rh1 a6 26. Ba4 b5 27. Bc2 Rc7 28. b4 Nd7 29. Rh6 Qg4 30. Re1 Rac8 31. Rh4 Qg6 32. Re3 Nf6 $2 (32... Qg5 $1 $11 {and Black stays safe.} 33. Nb3 (33. Nxe4 $2 {loses.} Qxh4 34. gxh4 Rxc2 $19) (33. Bxe4 $2 Rxc3 34. Nb3 Rxe3 $17) 33... Rxc3 34. Rxc3 Qxd2 35. Nxd2 Rxc3 36. Bxe4 Bxe4 37. Nxe4 Rd3 38. Rxh7+ Kd8 39. Rh8+ Kc7) 33. a3 Ng4 34. N1a2 Nxe3 35. Qxe3 h5 36. Bxe4 Rc4 37. Bxf5 Qxf5 38. Rxc4 Rxc4 39. Kb2 Rg4 40. Nc1 Rxg3 41. Qa7+ (41. fxg3 $2 {loses.} f2 42. Qa7+ (42. g4 $2 hxg4 43. Qa7+ Kf8 $19) 42... Kf8 43. Qxa6 Qd7 (43... f1=B $2 44. Qxd6+ Kg8 45. Qb6 $18) 44. Qa8+ Qe8 $19 (44... Kg7 45. Qc6 $17)) 41... Qd7 $1 42. Qxa6 Rg2 43. Qb6 h4 44. Qe3 $2 (44. Ne4 $11 {and White has nothing to worry.} h3 45. Nd3) 44... h3 45. Ne4 $19 Rg6 46. Qxf3 Qg4 47. Qe3 h2 48. Ng3 Qd4+ 49. Qxd4 exd4 50. Nce2 d3 51. Nf5+ Kd7 52. Neg3 Rg5 53. Kc3 Rxf5 54. Kxd3 Rg5 55. Nh1 Rg1 56. f4 Rxh1 0-1

[Event "42nd WALTON Women-ch Bangladesh 2024"]
[Site "Dhaka"]
[Date "2024.05.29"]
[Round "10.6"]
[White "Hamid, Rani"]
[Black "Neelava, Choudhury"]
[Result "1-0"]
[ECO "C88"]
[WhiteElo "1863"]
[BlackElo "1778"]
[Annotator "NA RC"]
[PlyCount "74"]
[EventDate "2024.05.20"]
[EventType "tourn"]
[EventCountry "BAN"]
[SourceTitle "playchess.com"]
[Source "ChessBase"]
[SourceQuality "1"]
[TimeControl "40/5400+30:1800+30"]

1. e4 e5 2. Nf3 Nc6 3. Bb5 a6 4. Ba4 Nf6 5. O-O Be7 6. Re1 b5 7. Bb3 O-O 8. a4 Bb7 9. d3 d6 10. Nc3 b4 {[%emt 0:03:28] C88: Closed Ruy Lopez: Anti-Marshall Systems.} 11. Ne2 d5 12. exd5 Nxd5 13. a5 Kh8 $1 14. Ng3 f6 (14... Nf4 $1 $11) 15. Bd2 Bc5 16. Nf5 Nde7 17. Ng3 Nd4 18. Nxd4 Bxd4 19. Ra4 Bc6 20. Ra2 Rb8 21. Bc4 Bd5 22. b3 Bxc4 23. dxc4 Qd7 24. Qe2 Rfd8 25. Be3 Bc3 26. Rf1 Nc6 27. Ne4 Bd4 28. g4 Qe7 (28... f5 $17 29. gxf5 Qxf5) 29. Ng3 Rd7 30. Nf5 ({White should play} 30. Qf3 $15 Qe6 31. h3) 30... Qc5 31. h3 Rbd8 32. Qf3 $1 Nxa5 33. Rfa1 (33. Rd1 $14) 33... Nc6 $2 ({Avoid the trap} 33... Bxe3 $2 34. Rxa5 Bxf2+ 35. Kf1 $18 (35. Qxf2 Rd1+ 36. Kg2 Qc6+ 37. Kg3 R1d2 $18) (35. Kg2 Qf8 $18)) (33... Qc6 $1 $11 34. Qxc6 Nxc6 35. Bxd4 Nxd4) 34. Rxa6 Ne7 $2 ({Not} 34... Bxe3 $2 35. Rxc6 Bxf2+ 36. Kg2 $18) (34... Nb8) 35. R1a5 Bxe3 36. Rxc5 Bxc5 $18 37. Ra8 Rd1+ 1-0

[Event "42nd WALTON Women-ch Bangladesh 2024"]
[Site "Dhaka"]
[Date "2024.05.30"]
[Round "11.1"]
[White "Neelava, Choudhury"]
[Black "Wadifa, Ahmed"]
[Result "0-1"]
[ECO "B43"]
[WhiteElo "1778"]
[BlackElo "1921"]
[Annotator "RC"]
[PlyCount "60"]
[EventDate "2024.05.20"]
[EventType "tourn"]
[EventCountry "BAN"]
[SourceTitle "playchess.com"]
[Source "ChessBase"]
[SourceQuality "1"]
[TimeControl "40/5400+30:1800+30"]

1. e4 c5 2. Nf3 e6 3. d4 cxd4 4. Nxd4 a6 5. Nc3 b5 6. Bd3 Qb6 7. Be3 Bc5 8. Be2 Nc6 9. Nxc6 Bxe3 10. fxe3 Qxc6 11. Qd4 f6 12. e5 Bb7 13. Bh5+ Kd8 14. Bf3 Qc7 15. Bxb7 Qxb7 16. O-O-O Rc8 17. Qd6 Ke8 18. Qd3 f5 19. e4 b4 20. Na4 fxe4 21. Qd4 Qc6 22. Nc5 Rc7 23. Qxb4 Qxc5 24. Qxe4 Ne7 25. Rd6 Rf8 26. Rxa6 Rf2 27. c3 Qb5 28. Ra8+ Kf7 29. Qb1 Qe2 30. Rd1 Qe3+ 0-1

[Event "42nd WALTON Women-ch Bangladesh 2024"]
[Site "Dhaka"]
[Date "2024.05.30"]
[Round "11.2"]
[White "Kazi Zarin, Tasnim"]
[Black "Hamid, Rani"]
[Result "0-1"]
[ECO "B42"]
[WhiteElo "1854"]
[BlackElo "1863"]
[Annotator "NA RC"]
[PlyCount "92"]
[EventDate "2024.05.20"]
[EventType "tourn"]
[EventCountry "BAN"]
[SourceTitle "playchess.com"]
[Source "ChessBase"]
[SourceQuality "1"]
[TimeControl "40/5400+30:1800+30"]

1. e4 c5 2. Nf3 e6 3. d4 cxd4 4. Nxd4 a6 5. Bd3 Nf6 6. O-O d6 7. Qe2 Be7 8. c4 O-O 9. Nc3 e5 {[%emt 0:02:58] B42: Sicilian: Kan Variation: 5 Bd3.} 10. Nf5 Bxf5 11. exf5 Nc6 12. f4 Re8 13. Qf3 exf4 14. Bxf4 Ne5 15. Bxe5 dxe5 16. Kh1 Bc5 17. Ne4 Bd4 18. Rab1 Rb8 19. b4 b6 20. Rfd1 Qe7 21. Qe2 Red8 22. a3 a5 23. Rdc1 h6 24. Nd2 Qd7 25. Nb3 axb4 26. axb4 Ra8 27. Nxd4 Qxd4 28. Bc2 Ng4 29. h3 Nf2+ 30. Kh2 e4 31. Re1 Ra3 32. Rb3 Rxb3 33. Bxb3 Qe5+ 34. Kg1 Nxh3+ 35. Kh1 Ng5 36. Rf1 $2 (36. Rd1 Rxd1+ 37. Bxd1) 36... Qc3 37. Qc2 Qxb4 38. Rd1 Rc8 39. Qa2 e3 40. Qb1 e2 41. Re1 Ne4 42. Bc2 Ng3+ 43. Kh2 Qd6 44. Kg1 Rxc4 45. Kh2 Rh4+ 46. Kg1 Qd4# 0-1

[Event "42nd WALTON Women-ch Bangladesh 2024"]
[Site "Dhaka"]
[Date "2024.05.30"]
[Round "11.3"]
[White "Sultana, Sharmin Shirin"]
[Black "Tabassum Sadia, Shahjahan"]
[Result "1-0"]
[ECO "D32"]
[WhiteElo "1927"]
[BlackElo "1567"]
[Annotator "NA RC"]
[PlyCount "153"]
[EventDate "2024.05.20"]
[EventType "tourn"]
[EventCountry "BAN"]
[SourceTitle "playchess.com"]
[Source "ChessBase"]
[SourceQuality "1"]
[TimeControl "40/5400+30:1800+30"]

1. d4 d5 2. c4 e6 3. Nc3 Nf6 4. Nf3 c5 5. cxd5 exd5 6. Bg5 Nc6 7. e3 {[%emt 0:01:09] D32: Tarrasch Defence: Sidelines and lines without g3.} Bf5 8. dxc5 Bg4 9. Bxf6 Qxf6 10. Qxd5 Bxf3 11. Qxf3 Qxf3 12. gxf3 Bxc5 13. O-O-O Rd8 14. Bh3 O-O 15. Bf5 Ne5 16. f4 Nc4 17. Nd5 a5 18. Rhg1 g6 19. Bc2 Kg7 20. f5 Bd6 21. h4 Ne5 22. h5 Nf3 23. Rg2 g5 24. Be4 Ne5 25. Rxg5+ Kh6 26. f4 Bc5 27. Rg3 Nc4 28. b3 Nd6 29. Bc2 f6 30. Nc7 Ba3+ 31. Kb1 Rc8 32. Nd5 Nb5 33. e4 Bd6 ({Better is} 33... Rfd8) 34. Rd2 Na3+ 35. Kb2 Rc6 36. Rc3 Nb5 37. Rxc6 bxc6 38. Nb6 Bxf4 39. Rd7 Be5+ 40. Kc1 Rg8 41. Nc4 Rg1+ 42. Rd1 Bf4+ 43. Kb2 Rg2 44. a4 Na7 45. e5 Rg7 46. e6 $18 (46. Nxa5 Bxe5+ 47. Kb1 Re7 $18) ({Don't take} 46. exf6 Rf7 47. Nxa5 Be5+ 48. Kb1 Bxf6 $18) 46... Nc8 47. Nxa5 Be5+ 48. Kb1 Ne7 49. Be4 c5 50. Nc4 Bd4 51. a5 Rg4 52. a6 Nc8 53. Bb7 Na7 54. e7 Rg8 55. Nd6 Rg3 56. Rxd4 cxd4 57. e8=Q Rg1+ 58. Kc2 d3+ 59. Kxd3 Rg3+ 60. Ke2 Nb5 61. Qf8+ Kxh5 62. Bf3+ Kg5 63. Ne4+ Kf4 64. Qh6+ Rg5 65. Qh2+ Kxf5 66. Qxh7+ Ke6 67. Nxg5+ fxg5 68. Qe4+ Kf6 69. Qc6+ Ke5 70. Qxb5+ Kf4 71. Kf2 g4 72. Qc4+ Ke5 73. Qxg4 Kd6 74. Qe4 Kd7 75. Qe5 Kd8 76. Qd6+ Ke8 77. Bh5# 1-0

[Event "42nd WALTON Women-ch Bangladesh 2024"]
[Site "Dhaka"]
[Date "2024.05.30"]
[Round "11.4"]
[White "Noshin, Anjum"]
[Black "Warsia, Khusbu"]
[Result "1/2-1/2"]
[ECO "C42"]
[WhiteElo "2025"]
[BlackElo "1905"]
[Annotator "NA RC"]
[PlyCount "36"]
[EventDate "2024.05.20"]
[EventType "tourn"]
[EventCountry "BAN"]
[SourceTitle "playchess.com"]
[Source "ChessBase"]
[SourceQuality "1"]
[TimeControl "40/5400+30:1800+30"]

1. e4 e5 2. Nf3 Nf6 3. Nxe5 d6 4. Nf3 Nxe4 5. d4 d5 6. Bd3 Nc6 7. O-O Be7 8. Nbd2 Bf5 9. Re1 Nxd2 10. Qxd2 Bxd3 11. Qxd3 O-O 12. Bf4 Bf6 $14 13. Re2 Qd7 14. c3 Rac8 15. Rae1 h6 16. h3 Ne7 17. Be5 Bxe5 18. Nxe5 Qd6 1/2-1/2

[Event "42nd WALTON Women-ch Bangladesh 2024"]
[Site "Dhaka"]
[Date "2024.05.30"]
[Round "11.5"]
[White "Ahmed, Walijah"]
[Black "Jannatul, Ferdous"]
[Result "1/2-1/2"]
[ECO "B12"]
[WhiteElo "1878"]
[BlackElo "1990"]
[Annotator "NA RC"]
[PlyCount "23"]
[EventDate "2024.05.20"]
[EventType "tourn"]
[EventCountry "BAN"]
[SourceTitle "playchess.com"]
[Source "ChessBase"]
[SourceQuality "1"]
[TimeControl "40/5400+30:1800+30"]

1. e4 c6 2. d4 d5 3. e5 Bf5 4. Nf3 e6 5. Be2 Be7 6. Nbd2 Nd7 7. c4 Nb6 8. cxd5 Nxd5 9. O-O h5 10. Nc4 Nh6 11. Ne3 $11 Nf4 12. Nxf5 1/2-1/2

[Event "42nd WALTON Women-ch Bangladesh 2024"]
[Site "Dhaka"]
[Date "2024.05.30"]
[Round "11.6"]
[White "Israt, Jahan Diba"]
[Black "Nusrat Jahan, Alo"]
[Result "1/2-1/2"]
[ECO "B15"]
[WhiteElo "1904"]
[BlackElo "1850"]
[Annotator "NA RC"]
[PlyCount "35"]
[EventDate "2024.05.20"]
[EventType "tourn"]
[EventCountry "BAN"]
[SourceTitle "playchess.com"]
[Source "ChessBase"]
[SourceQuality "1"]
[TimeControl "40/5400+30:1800+30"]

1. e4 c6 2. d4 d5 3. Nc3 dxe4 4. Nxe4 Nf6 5. Nxf6+ exf6 6. Bf4 Be6 7. c3 Be7 8. Nf3 O-O 9. Bd3 Re8 10. Qc2 Bd6 11. Be3 h5 12. Nh4 Qc7 13. h3 Nd7 14. O-O Nf8 15. c4 g5 16. Nf5 Bxf5 17. Bxf5 Kg7 18. Qd1 1/2-1/2